Map: Orbital Shipyard

Players

IMPERATOR

  • Race: Terran Terran
  • League: Master

Miszu - Winner!

  • Race: Terran Terran
  • League: Grandmaster

VOD

Have the link to the VOD?

Description

Time

  • Played on: Feb. 8, 2016, 9:42 a.m.
  • Length: 10:01
Show
View Real Time Build Order
Export as new Build Order

IMPERATOR Terran 

Build Orders: Reaper Expand, Mech 

Get SALT Encoding   

  12  0:00  SCV  
  13  0:13  SCV  
  14  0:17  Supply Depot  
  14  0:25  SCV  
  15  0:39  SCV  
  15  0:41  Barracks  
  16  0:46  Refinery  
  16  0:51  SCV  
  17  1:03  SCV  
  18  1:15  SCV  
  19  1:29  Orbital Command  
  19  1:30  Reaper  
  20  1:45  Command Center  
  20  1:52  Supply Depot  
  20  1:59  SCV  
  21  2:02  Marine  
  22  2:16  SCV  
  22  2:17  Factory  
  23  2:25  Barracks Reactor  
  23  2:28  SCV  
  23  2:29  Refinery  
  24  2:40  SCV  
  25  2:52  SCV  
  25  2:58  Orbital Command  
  25  3:04  SCV  
  26  3:06  Starport  
  26  3:11  Hellion  
  30  3:15  Hellion  
  30  3:16  SCV  
  31  3:23  SCV  
  31  3:25  Refinery  
  32  3:28  SCV  
  32  3:33  Barracks Tech Lab  
  35  3:34  Factory  
  35  3:35  SCV  
  35  3:37  Hellion x2  
  38  3:46  SCV  
  38  3:48  Medivac, SCV  
  41  3:58  SCV  
  41  4:00  SCV  
  43  4:04  Supply Depot  
  43  4:05  Supply Depot  
  43  4:07  Hellion  
  45  4:10  SCV  
  46  4:25  Viking, SCV  
  46  4:26  Siege Tank  
  46  4:27  Supply Depot  
  46  4:28  Barracks Reactor  
  46  4:31  SCV  
  55  4:35  Widow Mine x2  
  55  4:37  SCV  
  58  4:42  Engineering Bay  
  58  4:43  SCV  
  59  4:50  Supply Depot, SCV  
  60  4:55  SCV  
  61  5:01  Hellion  
  61  5:02  SCV  
  58  5:13  SCV  
  59  5:18  SCV  
  59  5:20  Liberator x2  
  55  5:23  Hellion x2  
  55  5:25  SCV  
  60  5:30  SCV  
  60  5:37  SCV  
  60  5:38  Siege Tank  
  60  5:42  SCV  
  71  5:44  Supply Depot  
  71  5:46  Supply Depot  
  71  5:49  SCV  
  72  5:54  SCV  
  73  6:00  Hellion  
  73  6:01  Hellion, SCV  
  78  6:06  SCV  
  79  6:13  SCV  
  81  6:18  SCV  
  81  6:19  Command Center  
  81  6:25  Barracks Tech Lab, SCV  
  82  6:27  Factory  
  82  6:30  SCV, Armory  
  83  6:37  SCV  
  84  6:44  Hellion x2, Siege Tank  
  91  6:53  SCV  
  92  6:59  Viking  
  94  7:06  SCV x2  
  94  7:21  Factory  
  94  7:22  Refinery  
  94  7:25  Supply Depot x2, Viking  
  94  7:27  Hellion  
  94  7:29  Hellion  
  89  7:31  SCV x2  
  89  7:36  Siege Tank  
  81  7:40  Orbital Command  
  81  7:44  SCV x2  
  81  7:49  Siege Tank  
  86  7:52  Hellion x2  
  86  7:53  Viking  
  86  7:57  Refinery  
  86  7:58  SCV  
  91  7:59  Factory  
  91  8:00  Refinery  
  91  8:09  Factory Tech Lab  
  91  8:12  Siege Tank  
  94  8:15  Missile Turret  
  89  8:21  Siege Tank  
  82  8:29  SCV  
  82  8:33  Siege Tank, Liberator x2  
  73  8:35  Hellion x2  
  70  8:42  Orbital Command  
  70  8:44  Hellion  
  78  8:56  Factory Reactor  
  78  8:59  Supply Depot  
  76  9:08  Siege Tank  
  79  9:17  Hellion x4  
  87  9:18  Missile Turret  
  87  9:19  Missile Turret  
  87  9:35  Command Center  
Show
View Real Time Build Order
Export as new Build Order

Miszu Terran - Winner!

Build Orders: MMM Bio 

Get SALT Encoding   

  12  0:01  SCV  
  13  0:14  SCV  
  14  0:17  Supply Depot  
  14  0:26  SCV  
  15  0:38  SCV  
  15  0:42  Barracks  
  16  0:47  Refinery  
  16  0:51  SCV  
  17  1:03  SCV  
  18  1:15  SCV  
  19  1:28  Orbital Command  
  19  1:30  Barracks Reactor  
  19  1:43  Command Center  
  19  1:51  Supply Depot  
  19  1:55  SCV  
  20  2:07  Marine x2, SCV  
  23  2:18  Factory  
  23  2:20  SCV  
  24  2:25  Marine x2  
  26  2:32  SCV  
  27  2:43  Refinery  
  28  2:44  Marine x2, SCV  
  30  2:56  SCV  
  31  2:59  Orbital Command  
  31  3:02  Factory Tech Lab  
  31  3:05  Starport  
  31  3:08  SCV  
  31  3:10  Marine x2  
  34  3:16  Supply Depot  
  34  3:20  SCV, Widow Mine  
  34  3:26  SCV  
  38  3:32  SCV  
  39  3:36  Marine x2  
  39  3:38  SCV  
  42  3:41  Supply Depot  
  42  3:44  SCV  
  42  3:46  Medivac  
  45  3:50  SCV  
  46  3:56  SCV  
  46  4:02  SCV  
  51  4:05  Supply Depot  
  51  4:07  Marine x2, Siege Tank  
  51  4:09  SCV  
  54  4:14  SCV  
  55  4:21  Viking, SCV  
  58  4:25  Marine  
  58  4:27  SCV  
  58  4:28  Barracks  
  60  4:31  Barracks  
  60  4:33  SCV  
  60  4:34  Supply Depot  
  61  4:39  Siege Tank, SCV  
  61  4:45  SCV  
  66  4:49  Refinery  
  66  4:51  Refinery, SCV  
  67  4:58  Supply Depot  
  67  5:02  Marine  
  67  5:03  Marine  
  64  5:09  SCV x2  
  66  5:20  Marine  
  66  5:21  SCV  
  62  5:22  Barracks Tech Lab x2, SCV  
  62  5:27  Marine  
  62  5:28  Starport Reactor, Siege Tank  
  62  5:33  SCV  
  62  5:35  SCV  
  65  5:38  Marine  
  66  5:44  Combat Shields  
  66  5:45  Marine x3, Stimpack  
  69  5:50  Barracks  
  69  5:51  Supply Depot, Barracks  
  69  5:52  SCV  
  69  5:53  SCV  
  71  6:04  Marauder, SCV  
  73  6:05  Medivac, SCV  
  73  6:06  Medivac  
  79  6:15  Supply Depot  
  79  6:16  Engineering Bay, SCV  
  80  6:19  Marauder  
  82  6:26  Marauder  
  83  6:35  Supply Depot, Medivac  
  83  6:36  Medivac  
  83  6:37  Supply Depot  
  87  6:43  Marine, Marauder  
  90  6:53  Marine  
  90  6:54  Marine x2, Marauder  
  93  7:28  Marine  
  93  7:29  Marine x4, Marauder  
  84  7:32  Siege Tank  
  84  7:33  Medivac x2  
  84  7:46  Marine x3  
  84  7:47  Marine, Marauder  
  84  7:48  Command Center  
  84  7:50  Marauder  
  92  7:53  SCV x2  
  92  7:54  Terran Infantry Weapons Level 1  
  94  8:03  Supply Depot, Medivac  
  94  8:04  Marine x4, Siege Tank  
  103  8:09  Marauder  
  103  8:11  Marine  
  101  8:22  Marine x2  
  101  8:27  Marine  
  101  8:29  Marauder  
  101  8:30  Marauder  
  101  8:33  Marine  
  99  8:39  Marine  
  99  8:40  Marine  
  95  8:43  Medivac x2, Siege Tank  
  95  8:45  Marine  
  103  8:51  Marine, Marauder x2  
  106  8:57  Marine  
  106  8:58  Marine  
  108  9:02  Marine  
  108  9:09  Marine, Orbital Command  
  110  9:10  Engineering Bay  
  110  9:11  SCV, Armory  
  110  9:12  Marauder, SCV  
  110  9:13  Marauder  
  110  9:15  Marine  
  110  9:16  Marine  
  118  9:23  SCV  
  118  9:24  SCV  
  120  9:27  Marine  
  120  9:28  Marine  
  120  9:30  Medivac x2  
  126  9:33  Marauder  
  126  9:34  Marine, Marauder  
  126  9:35  Marine  
  126  9:36  SCV x2  
Tags
 
Add a new tag
Caveats
  • Supply blocks, unpowered buildings, or Contaminate may cause inaccurate times.
  • Supply counts are checked every 10 seconds.